 Dungeon Crawl Stone Soup version 0.31-a0-188-g5e087ee2ca (webtiles) character file.

Game seed: 14510238496829340912

15 qw the Shooter (level 2, 0/16 HPs)
             Began as a Deep Elf Hunter on June 23, 2023.
             Slain by a rat (2 damage)
             ... on level 1 of the Dungeon.
             The game lasted 00:00:09 (331 turns).

qw the Shooter (Deep Elf Hunter)                     Turns: 331, Time: 00:00:09

Health: 0/16       AC:  3    Str:  8    XL:     2   Next: 34%
Magic:  4/4        EV: 12    Int: 13    God:
Gold:   3          SH:  0    Dex: 18    Spells: 1/1 levels left

rFire   . . .        Y - +0 shortbow
rCold   . . .        (shield currently unavailable)
rNeg    . . .        c - +0 leather armour
rPois   .            (no helmet)
rElec   .            (no cloak)
rCorr   .            (no gloves)
SInv    .            (no boots)
Will    .....        (no amulet)
Stlth   ++           (no ring)
HPRegen 0.22/turn    (no ring)
MPRegen 0.09/turn

%: no passive effects
@: no status effects
A: no striking features
a: no special abilities


You were on level 1 of the Dungeon.
You visited 1 branch of the dungeon, and saw 1 of its levels.

You collected 21 gold pieces.
You spent 18 gold pieces at shops.


   Skills:
 - Level 1.5 Fighting
 + Level 6.2 Ranged Weapons
 - Level 2.4 Dodging
 - Level 1.2 Stealth


You had one spell level left.
You didn't know any spells.
Your spell library was empty.

Inventory:

Hand Weapons
 Y - a +0 shortbow (weapon)
Armour
 c - a +0 leather armour (worn)
Scrolls
 b - a scroll of butterflies
Potions
 e - a potion of curing {unknown}

Dungeon Overview and Level Annotations

Branches:
Dungeon (1/15)

Altars:

Shops:
D:1 *


Message History

A kobold comes into view. It is wielding a +0 dagger.
317 ||| Stepping ~*~*~tactically~*~*~ (outnumbered).
You shoot an arrow. The arrow hits the dart slug!
You kill the dart slug!
A jackal is nearby!
319 ||| READING scroll labelled LEUNUZ FUORHOM.
As you read the scroll labelled LEUNUZ FUORHOM, it crumbles to dust.
Your body is wracked with pain!
It was a scroll of torment.
You start resting.
A rat comes into view.
You shoot an arrow. The arrow barely misses the jackal.
You shoot an arrow. The arrow hits the jackal.
The jackal is heavily wounded.
The jackal barely misses you.
The jackal bites you but does no damage.
You shoot an arrow. The arrow hits the jackal.
The jackal is severely wounded.
The jackal closely misses you.
You shoot an arrow. The arrow closely misses the jackal.
The jackal bites you. The jackal misses you.
The jackal bites you but does no damage.
The jackal closely misses you.
You shoot an arrow. The arrow hits the jackal.
You kill the jackal!
The jackal barely misses you.
You shoot an arrow. The arrow misses the jackal.
The arrow hits the rat.
The rat is moderately wounded.
The jackal closely misses you. x2
You shoot an arrow. The arrow closely misses the rat.
The jackal misses you. The rat bites you but does no damage.
You shoot an arrow. The arrow barely misses the rat.
The jackal barely misses you. The rat bites you.
The jackal bites you but does no damage.
You shoot an arrow. The arrow closely misses the rat.
The jackal bites you. The rat bites you. The jackal bites you.
You shoot an arrow. The arrow closely misses the rat.
The rat closely misses you. The jackal barely misses you.
You shoot an arrow. The arrow closely misses the rat.
The jackal misses you. The rat bites you.
You die...

#.....#.#.....
#.....#.#.....
#.....#.+.....
##.:...###.....
#......# #.....
#.###### #.....
######.# #....#
#.r..#.# #....#
#.h@...# ######
#..#%#### # #.
#...# # .h
..#..# # ..
.#.##.# # ..
#.!.. .# #### #
..##. # ##...
... . ### #..##


Kh.. ## ...###''## You could see 2 jackals and a rat.

Vanquished Creatures
  2 dart slugs (D:1)
  A ball python (D:1)
  2 bats (D:1)
  A goblin (D:1)
  A jackal (D:1)
  3 kobolds (D:1)
  A rat (D:1)
11 creatures vanquished.

Notes
Turn   | Place    | Note
-------+----------+-------------------------------------------
     0 | D:1      | qw the Deep Elf Hunter began the quest for the Orb.
     0 | D:1      | Reached XP level 1. HP: 12/12 MP: 3/3
     0 | D:1      | 0 ||| qw: Version: 0.3-a-9-g12657ce
     0 | D:1      | 0 ||| qw: Game counter: 4032
     0 | D:1      | 0 ||| qw: Always use a shield: true
     0 | D:1      | 0 ||| qw: God list: Okawaru
     0 | D:1      | 0 ||| qw: Allow faded altars: false
     0 | D:1      | 0 ||| qw: Do Orc after D:15 true
     0 | D:1      | 0 ||| qw: Do second Lair branch before Depths: true
     0 | D:1      | 0 ||| qw: Lair rune preference: random
     0 | D:1      | 0 ||| qw: Plans: Normal
     0 | D:1      | 0 ||| PLANNING D:1-11
   106 | D:1      | Reached XP level 2. HP: 16/16 MP: 4/4
   113 | D:1      | Reached skill level 6 in Ranged Weapons
   161 | D:1      | Found Bovvoatz's Assorted Antiques.
   170 | D:1      | 170 ||| SHOPLISTING 2 fizzy clear potions (37 gold, have
                  | 21).
   170 | D:1      | 170 ||| BUYING fuming white potion (18 gold).
   170 | D:1      | Bought a fuming white potion for 18 gold pieces
   170 | D:1      | 170 ||| SHOPLISTING glowing purple potion (18 gold, have
                  | 3).
   317 | D:1      | 317 ||| Stepping ~*~*~tactically~*~*~ (outnumbered).
   319 | D:1      | 319 ||| READING scroll labelled LEUNUZ FUORHOM.
   329 | D:1      | HP: 4/16 [jackal (3)]
   329 | D:1      | HP: 1/16 [jackal (2)]
   331 | D:1      | Slain by a rat

Levels and vault maps discovered:
D:1:      psy_arrival_whirlpool, layout_basic, serial_shops,
          nicolae_shop_temple_entry_statues_fountains, nicolae_lakefront_shop,
          minmay_tromino_v4_c

Skill      XL: |  1  2 |
---------------+-------+-----
Ranged Weapons | 6 |  6.2
Fighting       | |  1.5
Dodging        | |  2.4
Stealth        | |  1.2

Action                     || total
---------------------------++-------
   Fire: Shortbow          ||    44
    Use: Scroll            ||     1
 Armour: Leather armour    ||     5
  Dodge: Dodged            ||    15

Table legend:
 A = Non-vault XP
 B = Vault XP
 C = Vault XP percentage of total XP
 D = Non-vault monster count
 E = Vault monster count
 F = Vault count percentage of total count
                 A         B        C        D         E       F
            +---------+---------+-------+---------+---------+-------
      Total |      22 |       0 |   0.0 |      11 |       0 |   0.0
            +---------+---------+-------+---------+---------+-------
        D:1 |      22 |       0 |   0.0 |      11 |       0 |   0.0
            +---------+---------+-------+---------+---------+-------
